[Event "22nd ETCC Women 2019"]
[Site "Batumi"]
[Date "2019.10.30"]
[Round "6.11"]
[White "Cramling Bellon, Anna"]
[Black "Longson, Sarah N"]
[Result "1/2-1/2"]
[ECO "A06"]
[WhiteElo "2164"]
[BlackElo "2073"]
[Annotator "NA"]
[PlyCount "81"]
[EventDate "2019.10.24"]
[EventType "team-tourn"]
[EventCountry "GEO"]
[SourceTitle "playchess.com"]
[Source "ChessBase"]
[SourceQuality "1"]
[WhiteTeam "Sweden"]
[BlackTeam "England"]
[WhiteTeamCountry "SWE"]
[BlackTeamCountry "ENG"]
[TimeControl "40/5400+30:1800+30"]

1. Nf3 d5 2. b3 Nf6 3. Bb2 c5 4. e3 Bf5 5. Bb5+ Nbd7 6. O-O a6 7. Be2 h6 8. d4 e6 9. Nbd2 Rc8 10. c4 dxc4 11. bxc4 Be7 12. Ne5 cxd4 13. Nxd7 Nxd7 14. exd4 O-O 15. Rc1 Bf6 16. Nb3 a5 17. Ba3 Re8 18. Bf3 a4 19. Nc5 Nxc5 20. dxc5 Qc7 21. Qxa4 Bd4 22. Qb3 Rb8 23. Qb5 e5 24. Be2 Bd7 25. Qb6 Qxb6 26. cxb6 Bxb6 27. Bd6 Ra8 28. c5 Bd8 29. Bc4 Bc6 30. Rfe1 e4 31. Rb1 Bg5 32. Re2 Red8 33. h3 Bf6 34. Bb5 Bd5 35. a4 Bc3 36. Rc2 Ba5 37. Rcc1 Rac8 38. Rd1 Be6 39. Be7 Rxd1+ 40. Rxd1 Bb4 41. Rd4 1/2-1/2

[Event "22nd ETCC Women 2019"]
[Site "Batumi"]
[Date "2019.10.30"]
[Round "6.12"]
[White "Sliwicka, Alicja"]
[Black "Gvetadze, Sofio"]
[Result "0-1"]
[ECO "B38"]
[WhiteElo "2307"]
[BlackElo "2297"]
[Annotator "NA"]
[PlyCount "88"]
[EventDate "2019.10.24"]
[EventType "team-tourn"]
[EventCountry "GEO"]
[SourceTitle "playchess.com"]
[Source "ChessBase"]
[SourceQuality "1"]
[WhiteTeam "Poland"]
[BlackTeam "Georgia"]
[WhiteTeamCountry "POL"]
[BlackTeamCountry "GEO"]
[TimeControl "40/5400+30:1800+30"]

1. e4 c5 2. Nf3 g6 3. d4 cxd4 4. Nxd4 Bg7 5. c4 Nc6 6. Be3 Nf6 7. Nc3 d6 8. Be2 O-O 9. O-O Bd7 10. h3 a6 11. Nf3 Rc8 12. Qd2 Be6 13. Ng5 Qa5 14. a3 Rfd8 15. b4 Qc7 16. Rac1 Qb8 17. f4 Bd7 18. b5 Na5 19. Qa2 h6 20. Nf3 axb5 21. Bb6 Re8 22. e5 dxe5 23. fxe5 Nh5 24. cxb5 Be6 25. Qb1 Nb3 26. Rc2 Bxe5 27. Ne4 Rxc2 28. Qxc2 Rc8 29. Qb1 Nf4 30. Bd1 Rc1 31. Qa2 Bc4 32. Re1 Nd3 33. Rf1 Nb2 34. Be2 Bxe2 35. Rxc1 Nxc1 36. Qd5 Bxf3 37. gxf3 Ne2+ 38. Kf1 Nf4 39. Qd7 Nc4 40. Bc5 e6 41. h4 b6 42. Be7 Kg7 43. Bd8 Qa8 44. Be7 Qd5 0-1

[Event "22nd ETCC Women 2019"]
[Site "Batumi"]
[Date "2019.10.30"]
[Round "6.12"]
[White "Bhatia, Kanwal K"]
[Black "Bengtsson, Siv"]
[Result "1-0"]
[ECO "C07"]
[WhiteElo "2038"]
[BlackElo "2086"]
[Annotator "NA"]
[PlyCount "89"]
[EventDate "2019.10.24"]
[EventType "team-tourn"]
[EventCountry "GEO"]
[SourceTitle "playchess.com"]
[Source "ChessBase"]
[SourceQuality "1"]
[WhiteTeam "England"]
[BlackTeam "Sweden"]
[WhiteTeamCountry "ENG"]
[BlackTeamCountry "SWE"]
[TimeControl "40/5400+30:1800+30"]

1. e4 e6 2. d4 d5 3. Nd2 c5 4. exd5 Qxd5 5. Ngf3 cxd4 6. Bc4 Qd6 7. O-O Nf6 8. Qe2 Be7 9. Nb3 Nc6 10. Rd1 Qc7 11. Nbxd4 Nxd4 12. Nxd4 a6 13. a4 O-O 14. h3 e5 15. Nf3 e4 16. Nd4 Bd7 17. Bg5 Rfe8 18. Bh4 Qe5 19. Bg3 Qg5 20. Qd2 Qg6 21. Ne2 Bc6 22. Nf4 Qf5 23. b4 Rad8 24. Qc3 Rxd1+ 25. Rxd1 Nd7 26. b5 axb5 27. axb5 Bf6 28. Qb3 Be5 29. bxc6 Nc5 30. Qe3 b6 31. Ne2 Bf6 32. Rd5 Qc8 33. c7 h6 34. Nd4 Qa8 35. Nb3 Bg5 36. Bf4 Bxf4 37. Qxf4 Ne6 38. Qd6 Qb7 39. Qd7 Rc8 40. Nd4 Rxc7 41. Qe8+ Kh7 42. Nxe6 fxe6 43. Rd8 Re7 44. Qg8+ Kg6 45. Rd6 1-0

[Event "22nd ETCC Women 2019"]
[Site "Batumi"]
[Date "2019.10.30"]
[Round "6.13"]
[White "Ushenina, Anna"]
[Black "Hoang, Thanh Trang"]
[Result "1/2-1/2"]
[ECO "A04"]
[WhiteElo "2431"]
[BlackElo "2414"]
[Annotator "NA"]
[PlyCount "61"]
[EventDate "2019.10.24"]
[EventType "team-tourn"]
[EventCountry "GEO"]
[SourceTitle "playchess.com"]
[Source "ChessBase"]
[SourceQuality "1"]
[WhiteTeam "Ukraine"]
[BlackTeam "Hungary"]
[WhiteTeamCountry "UKR"]
[BlackTeamCountry "HUN"]
[TimeControl "40/5400+30:1800+30"]

1. Nf3 f5 2. c4 Nf6 3. g3 e6 4. Bg2 d5 5. O-O c6 6. d3 Be7 7. Nc3 O-O 8. Qc2 a5 9. e4 d4 10. e5 dxc3 11. exf6 Bxf6 12. bxc3 e5 13. Re1 Nd7 14. Rb1 Re8 15. Be3 h6 16. d4 e4 17. Nd2 Bg5 18. f3 Bxe3+ 19. Rxe3 exf3 20. Rxe8+ Qxe8 21. Nxf3 f4 22. Re1 Qf7 23. d5 fxg3 24. hxg3 Nf6 25. Ne5 Qc7 26. Qg6 cxd5 27. cxd5 Qxc3 28. Qf7+ Kh7 29. Qg6+ Kg8 30. Qf7+ Kh7 31. Qg6+ 1/2-1/2

[Event "22nd ETCC Women 2019"]
[Site "Batumi"]
[Date "2019.10.30"]
[Round "6.13"]
[White "Exler, Veronika"]
[Black "Franciskovic, Borka"]
[Result "1/2-1/2"]
[ECO "B18"]
[WhiteElo "2222"]
[BlackElo "2262"]
[Annotator "NA"]
[PlyCount "56"]
[EventDate "2019.10.24"]
[EventType "team-tourn"]
[EventCountry "GEO"]
[SourceTitle "playchess.com"]
[Source "ChessBase"]
[SourceQuality "1"]
[WhiteTeam "Austria"]
[BlackTeam "Croatia"]
[WhiteTeamCountry "AUT"]
[BlackTeamCountry "CRO"]
[TimeControl "40/5400+30:1800+30"]

1. e4 c6 2. d4 d5 3. Nc3 dxe4 4. Nxe4 Bf5 5. Ng3 Bg6 6. Nh3 Nf6 7. Nf4 e5 8. dxe5 Qa5+ 9. c3 Qxe5+ 10. Qe2 Nbd7 11. Nxg6 hxg6 12. Bf4 Qxe2+ 13. Bxe2 Nd5 14. Bd2 f5 15. O-O-O Bc5 16. c4 N5f6 17. f3 O-O-O 18. Bf4 Rde8 19. Bd3 Ne5 20. b3 Nxd3+ 21. Rxd3 Re6 22. Rhd1 Rhe8 23. Bg5 a5 24. Bd2 b6 25. Bg5 Nh7 26. Bd2 Nf6 27. Bg5 Nh7 28. Bd2 Nf6 1/2-1/2

[Event "22nd ETCC Women 2019"]
[Site "Batumi"]
[Date "2019.10.30"]
[Round "6.14"]
[White "Gara, Anita"]
[Black "Buksa, Nataliya"]
[Result "1/2-1/2"]
[ECO "B31"]
[WhiteElo "2366"]
[BlackElo "2410"]
[Annotator "NA"]
[PlyCount "115"]
[EventDate "2019.10.24"]
[EventType "team-tourn"]
[EventCountry "GEO"]
[SourceTitle "playchess.com"]
[Source "ChessBase"]
[SourceQuality "1"]
[WhiteTeam "Hungary"]
[BlackTeam "Ukraine"]
[WhiteTeamCountry "HUN"]
[BlackTeamCountry "UKR"]
[TimeControl "40/5400+30:1800+30"]

1. e4 c5 2. Nf3 Nc6 3. Bb5 g6 4. Bxc6 dxc6 5. d3 Bg7 6. h3 Nf6 7. Nc3 Nd7 8. Be3 b6 9. Qd2 e5 10. Bh6 Bf6 11. a4 a5 12. b3 Nf8 13. Bg5 Ne6 14. Bxf6 Qxf6 15. Ne2 Qg7 16. Qc3 f6 17. Nd2 Qc7 18. O-O g5 19. Nc4 Nd4 20. Rae1 Be6 21. Qd2 Rb8 22. Rb1 h5 23. c3 Nxe2+ 24. Qxe2 Kf7 25. b4 Kg6 26. bxa5 bxa5 27. Qe3 Bxc4 28. dxc4 Qe7 29. Rfd1 Rhd8 30. Kh2 h4 31. Qf3 Rxb1 32. Qf5+ Kg7 33. Rxb1 Qc7 34. Qe6 Rd6 35. Qe8 Rd8 36. Qe6 Rd6 37. Qf5 Rd3 38. Rb2 Rd8 39. Qg4 Rd6 40. Rb3 Rd2 41. Qf5 Rd6 42. Rb2 Rd3 43. Qg4 Kg6 44. Rb1 Kg7 45. Qe6 Rd8 46. Rb2 Kg6 47. Qf5+ Kg7 48. g3 Qd7 49. gxh4 Qxf5 50. exf5 gxh4 51. Rb7+ Kh6 52. Ra7 Kg5 53. Rxa5 Kxf5 54. Rxc5 Ra8 55. Rxc6 Rxa4 56. Kg2 Ra3 57. c5 Rxc3 58. Rc8 1/2-1/2

[Event "22nd ETCC Women 2019"]
[Site "Batumi"]
[Date "2019.10.30"]
[Round "6.14"]
[White "Medic, Mirjana"]
[Black "Trippold, Denise"]
[Result "1/2-1/2"]
[ECO "D43"]
[WhiteElo "2163"]
[BlackElo "2180"]
[Annotator "NA"]
[PlyCount "148"]
[EventDate "2019.10.24"]
[EventType "team-tourn"]
[EventCountry "GEO"]
[SourceTitle "playchess.com"]
[Source "ChessBase"]
[SourceQuality "1"]
[WhiteTeam "Croatia"]
[BlackTeam "Austria"]
[WhiteTeamCountry "CRO"]
[BlackTeamCountry "AUT"]
[TimeControl "40/5400+30:1800+30"]

1. d4 d5 2. c4 e6 3. Nc3 c6 4. Nf3 Nf6 5. cxd5 exd5 6. Qc2 g6 7. Bg5 Be7 8. e3 Bf5 9. Bd3 Bxd3 10. Qxd3 Nbd7 11. O-O Nh5 12. Bxe7 Qxe7 13. b4 a6 14. a4 O-O 15. b5 axb5 16. axb5 Nhf6 17. h3 Ne4 18. Rfc1 Nd6 19. Rab1 Ra5 20. Ne1 Rfa8 21. Nc2 Nf6 22. bxc6 bxc6 23. Nb4 Qd7 24. Qe2 Qe8 25. Nd3 Nd7 26. Nb4 Nf6 27. Qd1 Nc4 28. Qd3 Ra3 29. Nc2 R3a7 30. Rb3 Nd6 31. Rcb1 Nd7 32. Nb4 Nf6 33. Qd1 Qc8 34. Qf3 Kg7 35. Qd1 Kg8 36. Nd3 Nd7 37. Rc1 Qe8 38. Nb1 Rc8 39. Nd2 Qe6 40. Nf4 Qe8 41. Qc2 Ra6 42. Nd3 Rb6 43. Rxb6 Nxb6 44. Ne5 Nd7 45. Nxd7 Qxd7 46. Qc5 Nf5 47. Nf3 Qe7 48. Ne5 Qxc5 49. Rxc5 Ne7 50. Ra5 Rb8 51. g4 f6 52. Nd7 Rb1+ 53. Kg2 Kf7 54. Ra7 Rb2 55. Nc5 Rc2 56. Rc7 Ke8 57. Nb7 Rc1 58. Nc5 Rc2 59. Ra7 Rc1 60. Ra8+ Kf7 61. Nd7 Ng8 62. Rc8 Rc2 63. h4 Kg7 64. Rc7 Ne7 65. Ra7 h6 66. Ra8 Rb2 67. Nc5 Kf7 68. Rd8 Rc2 69. Rd6 Rc1 70. Nd7 Ng8 71. Nc5 Ne7 72. Rd7 Ke8 73. Rd6 Kf7 74. Rd7 Ke8 1/2-1/2

[Event "22nd ETCC Women 2019"]
[Site "Batumi"]
[Date "2019.10.30"]
[Round "6.15"]
[White "Osmak, Iulija"]
[Black "Lazarne Vajda, Szidonia"]
[Result "1-0"]
[ECO "B09"]
[WhiteElo "2409"]
[BlackElo "2353"]
[Annotator "NA"]
[PlyCount "79"]
[EventDate "2019.10.24"]
[EventType "team-tourn"]
[EventCountry "GEO"]
[SourceTitle "playchess.com"]
[Source "ChessBase"]
[SourceQuality "1"]
[WhiteTeam "Ukraine"]
[BlackTeam "Hungary"]
[WhiteTeamCountry "UKR"]
[BlackTeamCountry "HUN"]
[TimeControl "40/5400+30:1800+30"]

1. e4 g6 2. d4 Bg7 3. Nc3 d6 4. f4 Nf6 5. Nf3 c5 6. dxc5 Qa5 7. Bd3 Qxc5 8. Qe2 O-O 9. Be3 Qa5 10. O-O Bg4 11. Qe1 Bxf3 12. Rxf3 Ng4 13. Bd2 Nc6 14. Kh1 Qb6 15. Rb1 e6 16. Qh4 h5 17. h3 Nf6 18. Ne2 d5 19. e5 Ne4 20. Be3 Qd8 21. Qe1 Qe7 22. b4 b6 23. c4 Rfc8 24. a3 Rab8 25. Rf1 a5 26. cxd5 exd5 27. Bxe4 dxe4 28. Ng3 Rd8 29. Nxe4 Rd3 30. bxa5 Qxa3 31. Bxb6 Ra8 32. Ra1 Qe7 33. Qe2 Rb3 34. Qc2 Qe6 35. Nc5 Rxh3+ 36. gxh3 Qxh3+ 37. Qh2 Qf5 38. Qg2 Rc8 39. Ne4 Nb4 40. Nd6 1-0

[Event "22nd ETCC Women 2019"]
[Site "Batumi"]
[Date "2019.10.30"]
[Round "6.15"]
[White "Polterauer, Chiara"]
[Black "Purgar, Ivona"]
[Result "1-0"]
[ECO "B48"]
[WhiteElo "2172"]
[BlackElo "2205"]
[Annotator "NA"]
[PlyCount "69"]
[EventDate "2019.10.24"]
[EventType "team-tourn"]
[EventCountry "GEO"]
[SourceTitle "playchess.com"]
[Source "ChessBase"]
[SourceQuality "1"]
[WhiteTeam "Austria"]
[BlackTeam "Croatia"]
[WhiteTeamCountry "AUT"]
[BlackTeamCountry "CRO"]
[TimeControl "40/5400+30:1800+30"]

1. e4 c5 2. Nf3 e6 3. d4 cxd4 4. Nxd4 Nc6 5. Nc3 Qc7 6. Be3 a6 7. a3 Nf6 8. f4 d6 9. Qf3 Bd7 10. O-O-O Rc8 11. g4 Nxd4 12. Rxd4 d5 13. exd5 Nxd5 14. Rxd5 exd5 15. Bd4 Bc6 16. Bd3 Be7 17. Bxg7 d4 18. Ne4 Rg8 19. Bxd4 Kf8 20. Be5 Qd7 21. g5 Qe6 22. h4 b5 23. Kb1 a5 24. Qh5 b4 25. axb4 axb4 26. Qxh7 Qd5 27. Re1 Qe6 28. b3 Bd5 29. Kb2 Qc6 30. Nf6 Bxf6 31. Bxf6 Be6 32. f5 Rc7 33. Qh6+ Ke8 34. fxe6 fxe6 35. Bg6+ 1-0

[Event "22nd ETCC Women 2019"]
[Site "Batumi"]
[Date "2019.10.30"]
[Round "6.16"]
[White "Gara, Ticia"]
[Black "Zhukova, Natalia"]
[Result "1/2-1/2"]
[ECO "C48"]
[WhiteElo "2322"]
[BlackElo "2333"]
[Annotator "NA"]
[PlyCount "80"]
[EventDate "2019.10.24"]
[EventType "team-tourn"]
[EventCountry "GEO"]
[SourceTitle "playchess.com"]
[Source "ChessBase"]
[SourceQuality "1"]
[WhiteTeam "Hungary"]
[BlackTeam "Ukraine"]
[WhiteTeamCountry "HUN"]
[BlackTeamCountry "UKR"]
[TimeControl "40/5400+30:1800+30"]

1. e4 e5 2. Nf3 Nc6 3. Nc3 Nf6 4. Bb5 Bd6 5. d3 h6 6. a3 O-O 7. O-O Re8 8. h3 Bf8 9. d4 exd4 10. Nxd4 Nxd4 11. Qxd4 a6 12. Be2 d6 13. Bf4 Bd7 14. Rfe1 Bc6 15. Bf1 g6 16. Rad1 Bg7 17. Qd3 Nd7 18. Qd2 g5 19. Be3 Nc5 20. f3 Qf6 21. Bc4 Ne6 22. Bxe6 Qxe6 23. Bd4 Bxd4+ 24. Qxd4 Qe5 25. Qd2 f5 26. exf5 Qxf5 27. Ne2 Qc5+ 28. Nd4 Rxe1+ 29. Rxe1 Re8 30. Rxe8+ Bxe8 31. c3 Qe5 32. Kf2 Bg6 33. h4 gxh4 34. Qxh6 Qg3+ 35. Kf1 Bd3+ 36. Kg1 Qe1+ 37. Kh2 Qg3+ 38. Kg1 Qe1+ 39. Kh2 Qg3+ 40. Kg1 Qe1+ 1/2-1/2

[Event "22nd ETCC Women 2019"]
[Site "Batumi"]
[Date "2019.10.30"]
[Round "6.16"]
[White "Cvitan, Ena"]
[Black "Teuschler, Barbara"]
[Result "1/2-1/2"]
[ECO "D20"]
[WhiteElo "2182"]
[BlackElo "2136"]
[Annotator "NA"]
[PlyCount "63"]
[EventDate "2019.10.24"]
[EventType "team-tourn"]
[EventCountry "GEO"]
[SourceTitle "playchess.com"]
[Source "ChessBase"]
[SourceQuality "1"]
[WhiteTeam "Croatia"]
[BlackTeam "Austria"]
[WhiteTeamCountry "CRO"]
[BlackTeamCountry "AUT"]
[TimeControl "40/5400+30:1800+30"]

1. d4 d5 2. c4 dxc4 3. e3 e5 4. Bxc4 exd4 5. exd4 Nf6 6. Nf3 Bd6 7. Qe2+ Qe7 8. Qxe7+ Bxe7 9. O-O O-O 10. Re1 Nc6 11. a3 Bd6 12. Bg5 Bg4 13. Nbd2 Bxf3 14. Nxf3 Nd7 15. Bd5 h6 16. Bxc6 bxc6 17. Be3 Rfb8 18. Re2 c5 19. Rc1 cxd4 20. Nxd4 Rb7 21. Nf5 Be5 22. Rd1 Nf8 23. b4 Bf6 24. g3 a5 25. Bd2 axb4 26. Bxb4 Ne6 27. Rd7 Rba7 28. Be7 Bxe7 29. Nxe7+ Kf8 30. Ng6+ Kg8 31. Ne7+ Kf8 32. Ng6+ 1/2-1/2

[Event "22nd ETCC Women 2019"]
[Site "Batumi"]
[Date "2019.10.30"]
[Round "6.17"]
[White "Brunello, Marina"]
[Black "Atalik, Ekaterina"]
[Result "1/2-1/2"]
[ECO "B13"]
[WhiteElo "2381"]
[BlackElo "2464"]
[Annotator "ChessBase"]
[PlyCount "82"]
[EventDate "2019.10.24"]
[EventType "team-tourn"]
[EventCountry "GEO"]
[SourceTitle "playchess.com"]
[Source "ChessBase"]
[SourceQuality "1"]
[WhiteTeam "Italy"]
[BlackTeam "Turkey"]
[WhiteTeamCountry "ITA"]
[BlackTeamCountry "TUR"]
[TimeControl "40/5400+30:1800+30"]

1. e4 c6 2. d4 d5 3. exd5 cxd5 4. Bf4 Nc6 5. c3 g6 6. Nd2 Bg7 7. Ngf3 Nf6 8. h3 O-O 9. Be2 Qb6 10. Qb3 Qxb3 11. axb3 Nd7 12. O-O f6 13. Rfd1 e5 14. dxe5 fxe5 15. Bg3 Nb6 16. Nf1 e4 17. Nd4 Nxd4 18. cxd4 Be6 19. Ne3 Rfc8 20. Bf4 a6 21. Bg4 Kf7 22. Ra5 Rc6 23. Be2 Rac8 24. Raa1 Bf8 25. f3 exf3 26. Bxf3 Bg7 27. Kh2 Bf6 28. Ra5 g5 29. Be5 Bxe5+ 30. dxe5 Rc5 31. b4 Rxa5 32. bxa5 Nc4 33. Nxc4 Rxc4 34. Rxd5 Rb4 35. Rc5 Rxb2 36. Rc7+ Kf8 37. Bxb7 Rb5 38. Bxa6 Rxa5 39. Bd3 h5 40. Bc4 Bxc4 41. Rxc4 Rxe5 1/2-1/2

[Event "22nd ETCC Women 2019"]
[Site "Batumi"]
[Date "2019.10.30"]
[Round "6.17"]
[White "Worek, Joanna"]
[Black "Machlik, Monika"]
[Result "0-1"]
[ECO "A45"]
[WhiteElo "2319"]
[BlackElo "2159"]
[Annotator "NA"]
[PlyCount "162"]
[EventDate "2019.10.24"]
[EventType "team-tourn"]
[EventCountry "GEO"]
[SourceTitle "playchess.com"]
[Source "ChessBase"]
[SourceQuality "1"]
[WhiteTeam "Czech Republic"]
[BlackTeam "Norway"]
[WhiteTeamCountry "CZE"]
[BlackTeamCountry "NOR"]
[TimeControl "40/5400+30:1800+30"]

1. d4 Nf6 2. Bf4 e6 3. e3 d5 4. Nf3 Bd6 5. Bg3 O-O 6. Nbd2 c5 7. c3 Qc7 8. Ne5 b6 9. Bd3 Ba6 10. Bxa6 Nxa6 11. O-O Nb8 12. f4 Nc6 13. Qf3 Nd7 14. Kh1 f5 15. Bh4 Nf6 16. Bxf6 Rxf6 17. Rac1 Rc8 18. h3 Rff8 19. c4 Bxe5 20. dxe5 d4 21. e4 Ne7 22. Kh2 Rcd8 23. Qd3 Nc6 24. a3 Qf7 25. Rf3 Qe7 26. Rcf1 Rf7 27. R3f2 Rdf8 28. exf5 exf5 29. Nf3 h6 30. Ne1 Qe6 31. Qc2 Qe8 32. Nd3 Nd8 33. b4 Ne6 34. bxc5 bxc5 35. Rb1 Qc6 36. Qb3 Rc7 37. Qb5 Rfc8 38. a4 Qe4 39. Rf3 Qc6 40. Rf2 Qe4 41. Qb3 Qc6 42. Rfb2 Qe4 43. Re1 Qc6 44. a5 Re7 45. Qd1 Rb7 46. Rxb7 Qxb7 47. Qa4 Rb8 48. Qd1 Qb3 49. Qf3 Qxc4 50. Rc1 Qb3 51. Qc6 Qxd3 52. Qxe6+ Kh7 53. Qd5 Qe4 54. Qxc5 Qxf4+ 55. Kh1 Rb2 56. e6 Qe4 57. Rg1 Qxe6 58. Qxd4 Rb7 59. Rf1 Rf7 60. Rf3 Qe1+ 61. Kh2 Qxa5 62. Rc3 Qb5 63. Rc8 Qd7 64. Qc4 Qd6+ 65. Kh1 Qd1+ 66. Kh2 Qd6+ 67. Kh1 Qe7 68. Qd5 Qd7 69. Qc4 a5 70. Ra8 Qd1+ 71. Kh2 Qd6+ 72. Kh1 Re7 73. Qf1 Qd5 74. Ra6 Re5 75. Ra7 Qd2 76. Kh2 Qd4 77. Ra6 a4 78. Qf3 Qc4 79. Ra7 f4 80. Qa8 Qd3 81. Rxa4 Qg3+ 0-1

[Event "22nd ETCC Women 2019"]
[Site "Batumi"]
[Date "2019.10.30"]
[Round "6.18"]
[White "Yildiz Kadioglu, Betul Cemre"]
[Black "Zimina, Olga"]
[Result "1/2-1/2"]
[ECO "E10"]
[WhiteElo "2338"]
[BlackElo "2397"]
[Annotator "NA"]
[PlyCount "113"]
[EventDate "2019.10.24"]
[EventType "team-tourn"]
[EventCountry "GEO"]
[SourceTitle "playchess.com"]
[Source "ChessBase"]
[SourceQuality "1"]
[WhiteTeam "Turkey"]
[BlackTeam "Italy"]
[WhiteTeamCountry "TUR"]
[BlackTeamCountry "ITA"]
[TimeControl "40/5400+30:1800+30"]

1. d4 Nf6 2. Nf3 e6 3. c4 c5 4. d5 b5 5. dxe6 fxe6 6. cxb5 d5 7. e3 Bd6 8. b3 O-O 9. Bb2 Nbd7 10. Nbd2 Qe7 11. Bd3 Bb7 12. Qc2 Rac8 13. e4 c4 14. bxc4 dxc4 15. Bxc4 Nb6 16. e5 Nxc4 17. exf6 gxf6 18. Nxc4 Bb4+ 19. Nfd2 Bxd2+ 20. Qxd2 Rxc4 21. O-O Rd8 22. Qe3 Rd5 23. Rfc1 Rg4 24. f3 Rg6 25. Ba3 Qd7 26. Qf4 e5 27. Qb4 Qg7 28. Rc2 h5 29. Rac1 Rd7 30. Qb3+ Kh7 31. h4 e4 32. Qe6 exf3 33. Qxd7 Rxg2+ 34. Kf1 Qxd7 35. Rc7 Rg7 36. Rxd7 Rxd7 37. Bc5 Be4 38. a4 Kg6 39. Kf2 Kf5 40. Re1 Rc7 41. Rc1 Rd7 42. Be3 Kg4 43. Rc4 f5 44. Rc1 f4 45. Rg1+ Kxh4 46. Bxf4 Rf7 47. Be5 Kh3 48. Rg3+ Kh4 49. a5 Rf5 50. Bd6 Rf7 51. Be5 Rf5 52. Bd6 Rf7 53. b6 axb6 54. axb6 Bb7 55. Be5 Rf5 56. Bd6 Rf7 57. Be5 1/2-1/2

[Event "22nd ETCC Women 2019"]
[Site "Batumi"]
[Date "2019.10.30"]
[Round "6.18"]
[White "Machlik, Edit"]
[Black "Olsarova, Karolina"]
[Result "1/2-1/2"]
[ECO "E32"]
[WhiteElo "2062"]
[BlackElo "2294"]
[Annotator "NA"]
[PlyCount "71"]
[EventDate "2019.10.24"]
[EventType "team-tourn"]
[EventCountry "GEO"]
[SourceTitle "playchess.com"]
[Source "ChessBase"]
[SourceQuality "1"]
[WhiteTeam "Norway"]
[BlackTeam "Czech Republic"]
[WhiteTeamCountry "NOR"]
[BlackTeamCountry "CZE"]
[TimeControl "40/5400+30:1800+30"]

1. d4 Nf6 2. c4 e6 3. Nc3 Bb4 4. Qc2 O-O 5. a3 Bxc3+ 6. Qxc3 h6 7. Nf3 b6 8. e3 Bb7 9. Be2 d6 10. O-O a5 11. b3 Nbd7 12. Bb2 Qe7 13. Rad1 c5 14. dxc5 Nxc5 15. Nd4 Rfd8 16. f3 d5 17. Nb5 Rac8 18. a4 dxc4 19. Bxc4 Bd5 20. Na3 Qf8 21. e4 Bxc4 22. Rxd8 Rxd8 23. Nxc4 Rd3 24. Qc2 Qd8 25. Nxa5 Rd2 26. Bxf6 gxf6 27. Qc4 Ra2 28. Qc3 bxa5 29. Qxc5 Qd3 30. b4 axb4 31. Qxb4 e5 32. Qe1 Kh7 33. a5 Qd4+ 34. Kh1 Qb2 35. Rg1 Qb5 36. Qh4 1/2-1/2

[Event "22nd ETCC Women 2019"]
[Site "Batumi"]
[Date "2019.10.30"]
[Round "6.19"]
[White "Sedina, Elena"]
[Black "Ozturk, Kubra"]
[Result "1/2-1/2"]
[ECO "C24"]
[WhiteElo "2294"]
[BlackElo "2317"]
[Annotator "NA"]
[PlyCount "109"]
[EventDate "2019.10.24"]
[EventType "team-tourn"]
[EventCountry "GEO"]
[SourceTitle "playchess.com"]
[Source "ChessBase"]
[SourceQuality "1"]
[WhiteTeam "Italy"]
[BlackTeam "Turkey"]
[WhiteTeamCountry "ITA"]
[BlackTeamCountry "TUR"]
[TimeControl "40/5400+30:1800+30"]

1. e4 e5 2. Bc4 Nf6 3. d3 c6 4. Nf3 Be7 5. O-O d6 6. Re1 O-O 7. Nbd2 b5 8. Bb3 a5 9. a4 Na6 10. d4 exd4 11. axb5 cxb5 12. Nxd4 Bd7 13. c3 Nc5 14. Bc2 Qb6 15. Nf1 Rfe8 16. Ng3 g6 17. h3 Bf8 18. Bg5 Bg7 19. Qf3 Qd8 20. Qf4 Ne6 21. Nxe6 Rxe6 22. Bb3 Re5 23. Qh4 Be6 24. Bc2 b4 25. cxb4 Rc8 26. Bd3 axb4 27. f4 Rxg5 28. Qxg5 Qb6+ 29. Kh2 h6 30. Qa5 Qd4 31. Red1 Qe3 32. Qxb4 Qxf4 33. Qe1 Nh5 34. Be2 Bxb2 35. Bxh5 gxh5 36. Kh1 Be5 37. Ra3 Rc2 38. Qe3 h4 39. Qxf4 Bxf4 40. Nf5 Bxf5 41. exf5 Kg7 42. Rad3 Kf6 43. Rd4 Bg3 44. Rxd6+ Bxd6 45. Rxd6+ Kg5 46. Rd7 f6 47. Rg7+ Kxf5 48. Rg4 h5 49. Rxh4 Kg5 50. Ra4 Rb2 51. Kg1 Rb1+ 52. Kf2 Rb2+ 53. Kf3 Rb3+ 54. Kf2 Rb2+ 55. Kf3 1/2-1/2

[Event "22nd ETCC Women 2019"]
[Site "Batumi"]
[Date "2019.10.30"]
[Round "6.19"]
[White "Petrova, Kristyna"]
[Black "Johnsen, Sylvia"]
[Result "1-0"]
[ECO "E06"]
[WhiteElo "2259"]
[BlackElo "1898"]
[Annotator "NA"]
[PlyCount "91"]
[EventDate "2019.10.24"]
[EventType "team-tourn"]
[EventCountry "GEO"]
[SourceTitle "playchess.com"]
[Source "ChessBase"]
[SourceQuality "1"]
[WhiteTeam "Czech Republic"]
[BlackTeam "Norway"]
[WhiteTeamCountry "CZE"]
[BlackTeamCountry "NOR"]
[TimeControl "40/5400+30:1800+30"]

1. d4 d5 2. c4 e6 3. Nf3 Nf6 4. g3 Be7 5. Bg2 c5 6. cxd5 exd5 7. Nc3 c4 8. O-O a6 9. Bg5 O-O 10. Ne5 Be6 11. b3 Qc8 12. bxc4 dxc4 13. Na4 Bd8 14. Bxf6 gxf6 15. Nf3 Bh3 16. Bxh3 Qxh3 17. Qc2 b5 18. Nc3 Nc6 19. Rad1 Qc8 20. Ne4 Be7 21. d5 Ne5 22. d6 Nxf3+ 23. exf3 Bd8 24. Rd5 Qh3 25. Qc3 Qe6 26. Rfd1 f5 27. Nc5 Qg6 28. a4 f4 29. Nd7 Re8 30. axb5 fxg3 31. hxg3 axb5 32. Rxb5 Re2 33. Re5 Rxe5 34. Nxe5 Qg7 35. f4 Bb6 36. d7 Rd8 37. Kg2 h5 38. Qxc4 h4 39. Rd3 h3+ 40. Kxh3 Bxf2 41. Kg2 Be1 42. Qc8 Qf8 43. Qxd8 Qxd8 44. Nc6 Ba5 45. Nxd8 Bxd8 46. Re3 1-0

[Event "22nd ETCC Women 2019"]
[Site "Batumi"]
[Date "2019.10.30"]
[Round "6.20"]
[White "Caglar, Sila"]
[Black "Gueci, Tea"]
[Result "1/2-1/2"]
[ECO "B31"]
[WhiteElo "2242"]
[BlackElo "2265"]
[Annotator "NA"]
[PlyCount "203"]
[EventDate "2019.10.24"]
[EventType "team-tourn"]
[EventCountry "GEO"]
[SourceTitle "playchess.com"]
[Source "ChessBase"]
[SourceQuality "1"]
[WhiteTeam "Turkey"]
[BlackTeam "Italy"]
[WhiteTeamCountry "TUR"]
[BlackTeamCountry "ITA"]
[TimeControl "40/5400+30:1800+30"]

1. e4 c5 2. Nf3 Nc6 3. Bb5 g6 4. O-O Bg7 5. c3 Nf6 6. Qa4 Qb6 7. Re1 O-O 8. e5 Nd5 9. d4 cxd4 10. cxd4 a6 11. Bc4 Qb4 12. Qxb4 Ndxb4 13. Re2 b5 14. Bb3 Na5 15. Bd1 Nc4 16. Nbd2 d6 17. Nxc4 bxc4 18. b3 c3 19. Bf4 Rd8 20. a3 Nd5 21. Bg3 a5 22. Bc2 Ba6 23. Re4 Bb7 24. Rae1 dxe5 25. dxe5 e6 26. Rd4 Bf8 27. Ra1 Bc5 28. Rc4 Rdc8 29. Ng5 Ba6 30. Re4 h6 31. Nf3 Bb7 32. Ne1 Ne7 33. Rc4 Bd5 34. Ra4 Bc6 35. Rf4 g5 36. Rg4 Nf5 37. h4 Be7 38. hxg5 h5 39. Rc4 Nxg3 40. fxg3 Bd5 41. Rxc8+ Rxc8 42. Nf3 Rb8 43. b4 axb4 44. axb4 Rxb4 45. Rb1 Rxb1+ 46. Bxb1 Bb3 47. Ne1 Bxg5 48. Kf2 Bd2 49. Nc2 Kg7 50. Nd4 Bd5 51. Nf3 Bb3 52. Nd4 Bc4 53. Nf3 Bc1 54. Ke1 Be3 55. Be4 Bd5 56. Bd3 Bb6 57. Ke2 Bc7 58. Ke3 Bxf3 59. gxf3 Bxe5 60. f4 Bf6 61. Bc2 Kh6 62. Kf3 Bd8 63. Bd3 Bb6 64. Bc2 Kg7 65. Ke4 Bf2 66. Kf3 Be1 67. Kg2 f6 68. Kh3 Kh6 69. Kh4 Bf2 70. Bd3 e5 71. fxe5 fxe5 72. Be4 Be3 73. Bc2 Bg5+ 74. Kh3 Be7 75. Kg2 Kg5 76. Kf3 Bc5 77. Bd3 Kf6 78. Be4 Bg1 79. Kg2 Be3 80. Kf3 Bd2 81. Ke2 Kg5 82. Kf3 Be1 83. Bd3 Kf6 84. Be4 Ke6 85. g4 h4 86. g5 h3 87. g6 Kf6 88. Ke2 Bd2 89. Kf2 h2 90. Kg2 Bf4 91. Kh1 Bh6 92. Kxh2 Ke6 93. Kg3 Kd6 94. Kf3 Kc5 95. Bc2 Kd4 96. Bb1 Kc4 97. Ke4 Bg7 98. Bc2 Bf6 99. Ke3 Kb4 100. Kd3 Bg7 101. Bd1 e4+ 102. Kxe4 1/2-1/2